 Dungeon Crawl Stone Soup version 0.27-a0-1119-gbf574a6 (webtiles) character file.

Game seed: 11962987155533160571

67 Meow the Stinger (level 4, 20/36 HPs)
             Began as a Naga Venom Mage on May 2, 2021.
             Quit the game on level 3 of the Dungeon.
             The game lasted 00:06:31 (1576 turns).

Meow the Stinger (Naga Venom Mage)                  Turns: 1576, Time: 00:06:32

Health: 20/36      AC:  6    Str: 10    XL:     4   Next: 18%
Magic:  1/8        EV: 10    Int: 16    God:
Gold:   123        SH:  0    Dex: 12    Spells: 4/8 levels left

rFire    . . .     SeeInvis +   a - +0 hunting sling
rCold    . . .     Faith    +   (no shield)
rNeg     . . .     Spirit   .   c - +0 robe
rPois    +         Reflect  .   (no helmet)
rElec    .         Harm     .   (no cloak)
rCorr    .         Rampage  .   (no gloves)
Will     .....                  (no barding)
Stlth    +++.......             i - amulet of faith
HPRegen  0.12/turn              f - +4 ring of protection
MPRegen  0.11/turn              (no ring)

@: very slow
A: AC +1, large, see invisible, deformed body, poison resistance, slowness 2,
spit poison 1, naga tail 1
a: Spit Poison


You were on level 3 of the Dungeon.
You visited 1 branch of the dungeon, and saw 3 of its levels.

You collected 123 gold pieces.

Inventory:

Hand Weapons
 a - a +0 hunting sling (weapon)
 b - a +0 short sword
 k - a +0 war axe
Missiles
 e - 2 atropa-tipped darts
 g - 52 stones (quivered ammo)
 j - 48 arrows
Armour
 c - a +0 robe (worn)
Jewellery
 f - a +4 ring of protection (left hand)
 i - an amulet of faith (around neck)
Scrolls
 d - a scroll of silence
 h - a scroll of fear
 l - a scroll of teleportation
 m - a scroll of immolation {unknown}


   Skills:
 - Level 1.5 Dodging
 + Level 4.6 Stealth
 + Level 2.8 Spellcasting
 - Level 1.0 Transmutations
 + Level 4.9 Poison Magic


You had 4 spell levels left.
You knew the following spells:

 Your Spells              Type           Power      Damage    Failure   Level
a - Sting                 Tmut/Pois      44%        1d5       5%          1
c - Mephitic Cloud        Conj/Pois/Air  7%         N/A       28%         3

Your spell library contained the following spells:

 Spells                   Type           Power      Damage    Failure   Level
 Poisonous Vapours        Pois/Air       20%        N/A       11%         2
 Magic Dart               Conj           8%         1d3       19%         1
 Olgreb's Toxic Radiance  Pois           18%        N/A       24%         4
 Ignite Poison            Fire/Tmut/Pois 8%         N/A       26%         3
 Blink                    Tloc           N/A        N/A       28%         2
 Call Imp                 Summ           2%         N/A       28%         2
 Slow                     Hex            2%         N/A       28%         2
 Conjure Flame            Conj/Fire      2%         6-21      50%         3


Dungeon Overview and Level Annotations

Branches:
Dungeon (3/15)

Altars:


Innate Abilities, Weirdness & Mutations

Your serpentine skin is tough. (AC +1)
You have supernaturally acute eyesight. (SInv)
Armour fits poorly on your strangely shaped body.
Your system is resistant to poisons. (rPois)
You cover ground very slowly.
You can spit poison.
You have a snake-like lower body.


Message History

Press: ? - help, Shift-Dir - straight line, f/p - orc
Aim: an orc, wielding a +0 short sword (severely wounded, poisoned, 71% to hit)
The sting hits the orc.
The orc looks even sicker.
You kill the orc!
There is a stone staircase leading down here.
You climb downwards.
You have got your breath back.
The ice beast barely misses you. The ice beast closely misses you.
There is a stone staircase leading up here.
The ice beast hits you but does no damage.
The frilled lizard hisses angrily.
The jelly completely misses you. The ice beast misses you.
Really attack while wielding your +0 hunting sling? [Y]es or [N]o only, please.
Really attack while wielding your +0 hunting sling? [Y]es or [N]o only, please.
Really attack while wielding your +0 hunting sling? [Y]es or [N]o only, please.
Really attack while wielding your +0 hunting sling? [Y]es or [N]o only, please.
Really attack while wielding your +0 hunting sling? [Y]es or [N]o only, please.
Really attack while wielding your +0 hunting sling? [Y]es or [N]o only, please.
Really attack while wielding your +0 hunting sling?
Okay, then.
The jelly hits you.
You are splashed with acid!
Found 18 arrows.
There are monsters nearby!
The jelly barely misses you.
The frilled lizard bites you but does no damage.
The ice beast closely misses you. The jelly hits you but does no damage.
The frilled lizard bites you but does no damage.
The jelly barely misses you.
The frilled lizard bites you but does no damage.
The ice beast hits you but does no damage.
The frilled lizard closely misses you. The jelly hits you but does no damage.
Things that are here:
a +0 club; an orc corpse Are you sure you want to abandon this character and quit the game? (Confirm with "yes".)

.... .......
#... .......
....(..
......####
##.......##
##.........##
.....)).....#
.......@....#
(.....lJY...#
........)<.##
......#...##
...########
##


You could see an ice beast, a jelly and a frilled lizard.

Vanquished Creatures
  An adder (D:3)
  3 worms (D:2)
  A dart slug (D:2)
  7 orcs
  A ball python (D:2)
  2 endoplasms (D:3)
  2 giant cockroaches
  3 goblins (D:2)
  4 hobgoblins
  4 jackals (D:2)
  3 kobolds
  2 quokkas (D:1)
  2 bats (D:1)
  A rat (D:2)
36 creatures vanquished.

Notes
Turn   | Place    | Note
-------+----------+-------------------------------------------
     0 | D:1      | Meow the Naga Venom Mage began the quest for the Orb.
     0 | D:1      | Reached XP level 1. HP: 15/15 MP: 3/3
   240 | D:1      | Reached XP level 2. HP: 22/22 MP: 1/5
   772 | D:2      | Found a faded altar of an unknown god.
   887 | D:2      | Reached XP level 3. HP: 24/28 MP: 6/6
   891 | D:2      | Learned a level 3 spell: Mephitic Cloud
  1507 | D:2      | Reached XP level 4. HP: 36/36 MP: 0/8
  1552 | D:3      | Noticed an ice beast
  1576 | D:3      | Quit the game

Illustrated notes

Levels and vault maps discovered:
D:1:      grunt_arrival_crossed_arrows, layout_loops_ring
D:2:      layout_basic, ebering_ecumenical_altar_petrified
D:3:      layout_rooms, grunt_temple_overflow_gold_and_silver,
          marbit_many_paths, biasface_ghost_orc_armoury,
          nicolae_underground_beach, uniq_grinder, uniq_ijyb

Skill      XL: |  1  2  3 |
---------------+----------+-----
Stealth        | 4 |  4.6
Dodging        | |  1.5
Spellcasting   | |  2.8
Transmutations | |  1.0
Poison Magic   | |  4.9

Action                   |  1- 3 |  4- 6 || total
-------------------------+-------+-------++-------
 Fire: Hunting sling     |    18 |     2 ||    20
 Cast: Sting             |    28 |     9 ||    37
 Abil: Spit Poison       |    39 |     3 ||    42
  Use: Scroll            |     3 |       ||     3
Armor: Robe              |     4 |    10 ||    14
Dodge: Dodged            |     3 |     9 ||    12

Table legend: (Time is in decaauts)
 A = Elapsed time spent in this place.
 B = Non-inter-level travel time spent in this place.
 C = Inter-level travel time spent in this place.
 D = Time resting spent in this place.
 E = Time spent auto-exploring this place.
 F = Levels seen in this place.
 G = Mean time per level.
                   A        B        C        D        E       F      G
               +--------+--------+--------+--------+--------+-----+--------+
         Total |   2135 |   1976 |    159 |     14 |   1573 |   3 |  711.7 |
       Dungeon |   2135 |   1976 |    159 |     14 |   1573 |   3 |  711.7 |
               +--------+--------+--------+--------+--------+-----+--------+

Top non-repeatable levels by time:
     D:2: 1109 daAuts
     D:1: 967 daAuts
     D:3: 59 daAuts
